 Dungeon Crawl Stone Soup version 0.29.1-15-g9cfb28693d (webtiles) character file.

Game seed: 9900121451773712696

59 coffeetime the Grasshopper (level 3, -1/35 HPs)
             Began as a Troll Warper on July 1, 2023.
             Slain by a goblin
             ... wielding a +0 dagger
             ... led by Robin
              (5 damage)
             ... on level 2 of the Dungeon.
             The game lasted 00:02:45 (810 turns).

coffeetime the Grasshopper (Troll Warper)            Turns: 810, Time: 00:02:45

Health: -1/35      AC:  4    Str: 21    XL:     3   Next: 78%
Magic:  3/3        EV: 10    Int:  9    God:
Gold:   71         SH:  0    Dex:  9    Spells: 4/4 levels left

rFire   . . .      SeeInvis .     - Unarmed
rCold   . . .      Faith    .   (no shield)
rNeg    . . .      Spirit   .   a - +0 robe
rPois   .          Reflect  .   (helmet restricted)
rElec   .          Harm     .   (no cloak)
rCorr   .          Rampage  .   (gloves unavailable)
Will    .....                   (boots unavailable)
Stlth   +.........              (no amulet)
HPRegen 0.91/turn               (no ring)
MPRegen 0.08/turn               (no ring)

@: no status effects
A: large, unfitting armour, claws 3, regeneration 1, shaggy fur 1, tough skin 1
a: no special abilities


You were on level 2 of the Dungeon.
You visited 1 branch of the dungeon, and saw 2 of its levels.

You collected 71 gold pieces.

Inventory:

Missiles
 c - 7 boomerangs of dispersal (quivered)
Armour
 a - a +0 robe (worn)
Scrolls
 b - a scroll of blinking
 d - 5 scrolls of identify {unknown}
 h - a scroll of vulnerability {unknown}
 i - 2 scrolls of magic mapping {unknown}
Potions
 e - a potion of heal wounds {unknown}
 f - a potion of mutation {unknown}
 g - a potion of curing {unknown}


   Skills:
 + Level 1.7 Fighting
 + Level 1.0 Throwing
 + Level 2.5 Dodging
 + Level 2.4 Unarmed Combat
 - Level 1.2 Spellcasting
 + Level 2.8 Translocations


You had 4 spell levels left.
You didn't know any spells.
Your spell library contained the following spells:

 Spells                   Type           Power      Damage    Failure   Level
 Blink                    Tloc           10%        N/A       17%         2
 Gell's Gravitas          Tloc           5%         N/A       34%         3
 Lesser Beckoning         Tloc           5%         N/A       34%         3
 Teleport Other           Tloc           5%         N/A       34%         3
 Inner Flame              Hex/Fire       0%         N/A       73%         3
 Cause Fear               Hex            0%         N/A       98%         4
 Manifold Assault         Tloc           5%         N/A       97%         5
 Discord                  Hex            0%         N/A       100%        8


Dungeon Overview and Level Annotations

Branches:
Dungeon (2/15)

Altars:


Innate Abilities, Weirdness & Mutations

You are too large for most types of armour.
You have claws for hands.
Your natural rate of healing is unusually fast.
You are covered in fur. (AC +1)
You have tough skin. (AC +1)


Message History

The hobgoblin hits you. The goblin closely misses you.
Robin throws the goblin at you!
You closely miss Robin.
Robin is almost dead.
You closely miss Robin.
Robin is almost dead.
A hobgoblin comes into view.
The goblin hits you with a +0 club. The hobgoblin hits you.
Robin hits you with a +0 dagger. The goblin hits you but does no damage.
Unknown command.
You scratch Robin but do no damage.
Robin is almost dead.
The goblin hits you but does no damage. The hobgoblin hits you.
The goblin hits you with a +0 dagger.
* * * LOW HITPOINT WARNING * * *
You scratch Robin.
Robin is almost dead.
The hobgoblin misses you. The goblin closely misses you.
The goblin barely misses you.
You scratch Robin.
You kill Robin!
The hobgoblin no longer looks unusually strong.
The hobgoblin misses you.
A hobgoblin comes into view.
The goblin hits you with a +0 club.
* * * LOW HITPOINT WARNING * * *
The goblin hits you but does no damage.
You claw the hobgoblin!
You kill the hobgoblin!
The goblin hits you with a +0 dagger.
* * * LOW HITPOINT WARNING * * *
The goblin hits you with a +0 club.
* * * LOW HITPOINT WARNING * * *
The hobgoblin misses you.
A goblin comes into view. It is wielding a +0 dagger.
You completely miss the hobgoblin. The goblin barely misses you.
The hobgoblin barely misses you. The goblin hits you but does no damage.
The hobgoblin barely misses you.
You barely miss the hobgoblin. The goblin hits you with a +0 dagger.
You die...

#..##
##).###.##.#
#..#
##..##..#.######
#..#
##..##...##....
..#
##..##..#..##.
##..##.....###.
##..##..#..## #.
##).###.##..# #.
##g.###......#
#.
#@g###.....###
#. #.ggg##
#....# #. ##gg##
..... #. #..#
..## #. ...# ##
.... ####


You could see 3 hobgoblins and 4 goblins.

Vanquished Creatures
  Robin (D:2)
  A gnoll (D:1)
  A dart slug (D:1)
  2 ball pythons
  A bat (D:2)
  4 endoplasms (D:1)
  A giant cockroach (D:2)
  6 goblins
  6 hobgoblins
  4 jackals (D:2)
  2 frilled lizards (D:1)
  A kobold (D:1)
  2 rats (D:2)
32 creatures vanquished.

Notes
Turn   | Place    | Note
-------+----------+-------------------------------------------
     0 | D:1      | coffeetime the Troll Warper began the quest for the Orb.
     0 | D:1      | Reached XP level 1. HP: 19/19 MP: 1/1
   129 | D:1      | Reached XP level 2. HP: 24/27 MP: 2/2
   432 | D:1      | Reached skill level 1 in Throwing
   509 | D:1      | Reached XP level 3. HP: 35/35 MP: 3/3
   790 | D:2      | Noticed Robin
   807 | D:2      | Killed Robin
   810 | D:2      | Slain by a goblin

Illustrated notes

Levels and vault maps discovered:
D:1:      wander_arrival_lonely_grave, layout_loops_ring
D:2:      minmay_alternating_diamond, layout_basic, uniq_robin

Skill      XL: |  1  2 |
---------------+-------+-----
Dodging        | 2 |  2.5
Throwing       | 1 |  1.0
Fighting       | |  1.7
Unarmed Combat | |  2.4
Spellcasting   | |  1.2
Translocations | |  2.8

Action                   || total
-------------------------++-------
Melee: Unarmed           ||    88
       Punch             ||     1
 Stab: Sleeping          ||     2
Armor: Robe              ||    36
Dodge: Dodged            ||    61
